 Dungeon Crawl Stone Soup version 0.20.1-1-g8b1a95d (webtiles) character file.

209208 nono31 the Slayer (level 18, -19/132 HPs)
             Began as a Gargoyle Berserker on Oct 20, 2017.
             Was a High Priest of Trog.
             Hit by a large rock thrown by a stone giant (28 damage)
             ... on level 2 of the Vaults on Oct 21, 2017.
             The game lasted 01:47:32 (34591 turns).

nono31 the Slayer (Gargoyle Berserker)             Turns: 34591, Time: 01:47:32

Health: -19/132    AC: 46    Str: 32    XL:     18   Next: 81%
Magic:  6/6        EV:  9    Int: 13    God:    Trog [*****.]
Gold:   2385       SH:  0    Dex: 14    Spells: 17/17 levels left

rFire    . . .     SeeInvis .   a - +6 great mace (antimagic)
rCold    . . .     Gourm    .   (shield currently unavailable)
rNeg     + . .     Faith    .   A - +6 plate armour of the Blue Moon {rElec rPois Int+3}
rPois    ∞         Spirit   .   G - +2 hat
rElec    +         Reflect  .   v - +1 cloak
rCorr    +         Harm     .   Q - +2 pair of gloves
MR       +....                  B - +0 pair of boots
Stlth    ..........             o - amulet of regeneration
Regen    0.8/turn               c - ring of resist corrosion
MPRegen  0.1/turn               g - +5 ring of dexterity

@: mighty, berserk cooldown, flying, hasted and slowed
A: big wings, deterioration 1, negative energy resistance 1, electricity
resistance, unbreathing, petrification resistance, rot immunity, AC +13
}: 1/15 runes: decaying
a: Stop Flying, Berserk, Trog's Hand, Brothers in Arms, Burn Spellbooks,
Renounce Religion


You were on level 2 of the Vaults.
You worshipped Trog.
Trog was extremely pleased with you.
You were hungry.

You visited 5 branches of the dungeon, and saw 29 of its levels.
You also visited: Ossuary.

You collected 3213 gold pieces.
You spent 828 gold pieces at shops.

Inventory:

Hand Weapons
 a - a +6 antimagic great mace (weapon)
 b - a +4 fustibalus of flaming
Missiles
 f - 565 stones (quivered)
 X - 5 sling bullets
Armour
 v - a +1 cloak (worn)
 A - the +6 plate armour of the Blue Moon (worn) {rElec rPois Int+3}
   (You found it on level 6 of the Lair of Beasts)

   It affects your intelligence (+3).
   It insulates you from electricity.
   It protects you from poison.
 B - a +0 pair of boots (worn)
 G - a +2 hat (worn)
 P - a +0 buckler
 Q - a +2 pair of gloves (worn)
Jewellery
 c - a ring of resist corrosion (left hand)
 g - a +5 ring of dexterity (right hand)
 o - an amulet of regeneration (around neck)
 y - an uncursed ring of see invisible
Wands
 F - a wand of digging (4/24)
 R - a wand of iceblast (1/15)
Scrolls
 i - a scroll of holy word
 j - 20 scrolls of remove curse
 m - a scroll of silence
 p - 10 scrolls of teleportation
 s - a scroll of summoning
 w - 3 scrolls of recharging
 E - 2 scrolls of blinking
 L - 4 scrolls of magic mapping
 M - 4 scrolls of enchant weapon
 S - 2 scrolls of fog
 T - 3 scrolls of fear
 W - 12 scrolls of identify
 Z - 2 scrolls of enchant armour
Potions
 d - 5 potions of heal wounds
 e - 3 potions of might
 h - 10 potions of curing
 n - 2 potions of resistance
 q - 2 potions of agility
 r - 3 potions of cancellation
 u - 3 potions of haste
 x - a potion of mutation
 I - a potion of berserk rage
 K - 3 potions of ambrosia
 V - a potion of magic
Comestibles
 k - 9 meat rations
 l - a bread ration
 t - 6 fruits
 N - 7 royal jellies


   Skills:
 + Level 21.4 Fighting
 - Level 14.5 Maces & Flails
 + Level 14.0 Slings
 + Level 16.2 Armour
 - Level 1.5 Dodging


You had 17 spell levels left.
You didn't know any spells.

Dungeon Overview and Level Annotations

Branches:
Dungeon (15/15)            Temple (0/1) D:7            Lair (6/6) D:9
  Swamp (4/4) Lair:3       Spider (0/4) Lair:2        Slime (0/5) Lair:6
    Orc (2/2) D:12            Elf (0/3) Orc:2        Vaults (2/5) D:13
  Crypt (0/3) Vaults:2     Depths (0/5) D:15

Altars:
Ashenzari
Cheibriados
Kikubaaqudgha
Makhleb
Nemelex Xobeh
Okawaru
Ru
Trog
Uskayaw
Xom
Yredelemnul
Zin
Beogh
Jiyva

Shops:
D:6 (   D:7 *   D:9 *   D:15 %%(?!   Orc:2 =([:


Innate Abilities, Weirdness & Mutations

You are resistant to torment.
Your stone body is resilient. (AC +13)
You are immune to poison.
Your large and strong wings let you fly indefinitely.
You resist negative energy. (rN+)
You are resistant to electric shocks. (rElec)
You can survive without breathing.
You are immune to petrification.
You are immune to rotting.
Your body sometimes deteriorates upon taking damage.


Message History

The orc hits you but does no damage. x2; Mennas hits you but does no damage. x2
The orc hits you but does no damage. Mennas blocks your attack.
Mennas is almost dead.
Mennas hits you but does no damage.
Mennas hits you with a sacred scourge of holy wrath!
* * * LOW HITPOINT WARNING * * *
The orc misses you. Mennas hits you but does no damage.
Mennas barely misses you. The orc hits you but does no damage. x2
You crush Mennas like a grape!!!
As Mennas dies, the sound returns.
You kill Mennas!
Trog appreciates your killing of a magic user.
Trog accepts your kill.
Your Slings skill increases to level 14!
The orc hits you but does no damage.
The orc knight roars a battlecry!
The orcs go into a battle-frenzy!
The orc hits you but does no damage. x2; The stone giant throws a large rock.
The large rock hits you!!
You die...

.(. #########....#####
((. #.......#....#.... .
.. '.......#....#.... ..
..#.......#....#..<. ...
(#.......#....#.... ....
(.......#....#.... .....
#Co.....#....#....
......#)#######....####'
......o@................
......oo................
........................
........................
........................
........................
########################


You could see a stone giant, an orc knight and 3 orcs.

Vanquished Creatures
  Mara (Swamp:4)
  Mennas (Vaults:2)
  the Lernaean hydra (Swamp:4)
  A sphinx (Vaults:2)
  3 thorn hunters
  A frost giant (Vaults:1)
  2 vault wardens (Vaults:1)
  A fire giant (Vaults:2)
  Louise (Swamp:4)
  An orc warlord (Orc:1)
  2 ghouls
  A stone giant (Vaults:2)
  6 ironheart preservers
  An entropy weaver (Vaults:2)
  3 ettins (Vaults:2)
  A great orb of eyes (Vaults:2)
  2 fire dragons
  3 yaktaur captains (Vaults:1)
  8 ogre magi
  4 vault guards (D:13)
  14 hydras
  An ice dragon (Vaults:2)
  2 catoblepae (Lair:6)
  5 alligators
  A death knight (Vaults:2)
  3 centaur warriors
  23 two-headed ogres
  A tengu warrior (D:15)
  12 death yaks
  Nergalle (Lair:1)
  A deep elf knight (Vaults:1)
  An orc high priest (Orc:1)
  A skeletal warrior (D:15)
  3 spriggan druids
  4 unseen horrors
  11 swamp dragons
  2 wizards
  3 ironbrand convokers (Vaults:1)
  4 deep trolls (Vaults:1)
  A wolf spider zombie (D:15)
  12 orc knights
  A tengu zombie (Vaults:2)
  3 shambling mangroves
  4 deep elf magi
  A necromancer (Vaults:2)
  The ghost of seane2017 the Slasher, a novice HuFi (D:5)
  18 ugly things
  A wolf spider (Vaults:1)
  3 orc sorcerers
  5 manticores
  A cyclops (D:12)
  5 black mambas
  4 centaur skeletons
  A naga mage (D:15)
  A storm dragon simulacrum (Vaults:1)
  5 vault sentinels (Vaults:1)
  A gargoyle (D:13)
  A torpor snail (Lair:6)
  12 elephants
  13 spiny frogs
  A redback zombie (D:14)
  A kobold demonologist (D:11)
  4 freezing wraiths
  3 rime drakes
  6 yaktaurs
  7 komodo dragons
  3 tengu conjurers (D:15)
  6 trolls
  6 meliai
  3 tyrant leeches
  A yaktaur skeleton (Vaults:2)
  A polar bear (Lair:6)
  10 hornets
  A polar bear (shapeshifter) (D:10)
  Prince Ribbit (D:7)
  11 hippogriffs
  7 blink frogs
  A human simulacrum (Vaults:2)
  13 slime creatures
  15 dream sheep
  3 bog bodies
  2 spriggans
  3 wraiths
  53 yaks
  3 vampires
  4 redbacks (Lair:2)
  2 wyverns
  6 basilisks
  Eustachio (D:5)
  2 hungry ghosts
  3 insubstantial wisps (Swamp:2)
  15 vampire mosquitoes
  Menkaure (D:7)
  5 wargs
  A soldier ant (D:15)
  9 porcupines
  23 swamp worms
  Duvessa (D:7)
  8 water moccasins
  A hornet zombie (D:15)
  8 swamp drakes
  50 orc warriors
  5 sky beasts
  4 black bears
  28 ogres
  20 wolves
  6 ice beasts
  2 necrophages
  3 phantoms
  11 centaurs
  An ettin simulacrum (Vaults:2)
  10 crocodiles
  6 big kobolds
  18 bullfrogs
  3 gnoll sergeants
  A wyvern zombie (D:14)
  Dowan (D:7)
  4 scorpions
  10 killer bees
  13 wights
  10 howler monkeys
  3 electric eels
  9 crimson imps
  A bullfrog zombie (D:11)
  5 centaur zombies
  A human zombie (Ossuary)
  3 hounds
  18 orc priests
  6 jellies
  Crazy Yiuf (D:6)
  3 bullfrog skeletons
  Natasha (thrice) (D:3)
  5 iguanas
  17 orc wizards
  13 worker ants
  2 big kobold zombies (Ossuary)
  2 hound skeletons
  3 hound zombies
  2 mummies (Ossuary)
  A worker ant zombie (D:10)
  19 gnolls
  14 adders
  2 shadow imps
  5 oozes (D:8)
  An adder zombie (D:5)
  3 adder skeletons
  3 worms
  6 dart slugs
  8 leopard geckos
  97 orcs
  A ball python (D:4)
  5 bats
  5 giant cockroaches
  A gnoll zombie (Ossuary)
  9 goblins
  7 hobgoblins
  9 jackals
  22 kobolds
  6 quokkas
  3 frilled lizards
  2 goblin zombies
  4 hobgoblin zombies (Ossuary)
  A jackal skeleton (D:6)
  A leopard gecko skeleton (D:4)
  3 orc zombies (Ossuary)
  2 quokka zombies
  7 rats
  A spectral orc (D:4)
1037 creatures vanquished.

Vanquished Creatures (collateral kills)
  A yaktaur captain (Vaults:1)
  A fire dragon (Vaults:1)
  An ice dragon (Vaults:1)
  A rakshasa (Vaults:1)
  A catoblepas (Lair:5)
  A hydra (Swamp:4)
  A death yak (Lair:4)
  A shadow wraith (Vaults:1)
  2 swamp dragons (Swamp:4)
  A deep troll (Vaults:1)
  An ironbrand convoker (Vaults:1)
  3 rime drakes (Lair:5)
  A yaktaur (Vaults:1)
  A freezing wraith (Vaults:1)
  7 hippogriffs (Lair:5)
  A shadow (Swamp:4)
  8 wyverns (Lair:5)
  4 basilisks (Lair:5)
  A porcupine (Lair:4)
38 creatures vanquished.

Vanquished Creatures (others)
  Nikola (Vaults:1)
  An ironbrand convoker (Vaults:1)
  5 dream sheep (Lair:1)
  A swamp worm (Swamp:4)
  A swamp drake (Swamp:4)
  2 fungi
  5 plants
16 creatures vanquished.

Grand Total: 1091 creatures vanquished

Notes
Turn   | Place    | Note
-------+----------+-------------------------------------------
     0 | D:1      | nono31 the Gargoyle Berserker began the quest for the Orb.
     0 | D:1      | Reached XP level 1. HP: 14/14 MP: 1/1
   573 | D:1      | Reached XP level 2. HP: 17/19 MP: 2/2
   655 | D:1      | Reached skill level 4 in Fighting
   691 | D:1      | Reached XP level 3. HP: 14/24 MP: 3/3
  1101 | D:2      | Found a faded altar of an unknown god.
  1474 | D:2      | Reached ** piety under Trog
  1954 | D:2      | Found a burning altar of Makhleb.
  1972 | D:2      | Reached XP level 4. HP: 30/30 MP: 4/4
  2246 | D:3      | Reached XP level 5. HP: 33/34 MP: 5/5
  2272 | D:3      | Reached skill level 5 in Fighting
  2614 | D:3      | Noticed Natasha
  2619 | D:3      | Killed Natasha
  2619 | D:3      | Reached skill level 5 in Maces & Flails
  2692 | D:3      | Reached XP level 6. HP: 40/40 MP: 6/6
  2745 | D:3      | Noticed Natasha
  2757 | D:3      | Killed Natasha
  2789 | D:3      | Reached *** piety under Trog
  2939 | D:3      | Noticed Natasha
  2949 | D:3      | Killed Natasha
  3276 | D:4      | Noticed a sky beast
  3309 | D:4      | Killed a sky beast
  3309 | D:4      | Reached skill level 6 in Fighting
  3309 | D:4      | Reached XP level 7. HP: 31/46 MP: 7/7
  3367 | D:4      | Found a basalt altar of Yredelemnul.
  3864 | D:5      | Entered Level 5 of the Dungeon
  3963 | D:5      | Noticed Eustachio
  3994 | D:5      | Killed Eustachio
  3994 | D:5      | Reached skill level 7 in Fighting
  4257 | D:5      | Reached XP level 8. HP: 53/53 MP: 2/8
  4338 | D:5      | Got a transparent chain mail
  4349 | D:5      | Identified the +8 chain mail of Ceinwaed {rCorr Int+5 Stlth-} (You found it on level 5 of the Dungeon)
  4415 | D:5      | Noticed seane2017's ghost (novice HuFi)
  4434 | D:5      | Killed seane2017's ghost
  4434 | D:5      | Reached skill level 8 in Fighting
  4653 | D:5      | Reached **** piety under Trog
  5024 | D:5      | Reached skill level 9 in Fighting
  5132 | D:6      | Reached XP level 9. HP: 60/60 MP: 9/9
  5238 | D:6      | Found a sand-covered staircase.
  5246 | Ossuary  | Entered an ossuary
  5722 | D:6      | Found a runed door.
  5782 | D:6      | Found Yxuest's Antique Weapon Emporium.
  5882 | D:6      | Reached skill level 10 in Fighting
  5954 | D:6      | Noticed Crazy Yiuf
  5961 | D:6      | Killed Crazy Yiuf
  6017 | D:7      | Found Kycafol's Assorted Antiques.
  6044 | D:7      | Found a staircase to the Ecumenical Temple.
  6328 | D:7      | Reached ***** piety under Trog
  6426 | D:7      | Reached skill level 10 in Maces & Flails
  6567 | D:7      | Reached skill level 11 in Fighting
  6587 | D:7      | Reached XP level 10. HP: 61/69 MP: 4/10
  6606 | D:7      | Noticed Menkaure
  6610 | D:7      | Killed Menkaure
  6623 | D:7      | Noticed Duvessa
  6624 | D:7      | Noticed Dowan
  6638 | D:7      | Killed Duvessa
  6654 | D:7      | Killed Dowan
  6806 | D:7      | Noticed Prince Ribbit
  6830 | D:7      | Killed Prince Ribbit
  6898 | D:7      | Found a glowing silver altar of Zin.
  7407 | D:8      | Found a sacrificial altar of Ru.
  7410 | D:8      | Found a bloodstained altar of Trog.
  7413 | D:8      | Found a hide-covered altar of Uskayaw.
  7416 | D:8      | Found a shattered altar of Ashenzari.
  7746 | D:8      | Reached skill level 12 in Fighting
  7898 | D:8      | Found a viscous altar of Jiyva.
  8198 | D:9      | Found a staircase to the Lair.
  8205 | D:9      | Noticed a two-headed ogre
  8213 | D:9      | Killed a two-headed ogre
  8574 | D:9      | Reached XP level 11. HP: 67/76 MP: 3/11
  8750 | D:9      | Found Foiplaba's Assorted Antiques.
  8796 | D:9      | Bought a scroll labeled GIFRERCHIUCW for 28 gold pieces
  8796 | D:9      | Bought a scroll labeled ECWEK XYOSEGEH for 28 gold pieces
  8796 | D:9      | Bought a scroll of identify for 56 gold pieces
  8796 | D:9      | Bought a scroll of identify for 56 gold pieces
  9010 | D:9      | Reached skill level 13 in Fighting
  9102 | D:10     | Entered Level 10 of the Dungeon
  9119 | Lair:1   | Entered Level 1 of the Lair of Beasts
  9312 | Lair:1   | Received a gift from Trog
  9353 | Lair:1   | Noticed a six-headed hydra
  9378 | Lair:1   | Killed a six-headed hydra
  9833 | Lair:1   | Found a shimmering altar of Xom.
  9991 | Lair:1   | Reached skill level 14 in Fighting
 10017 | Lair:1   | Noticed Nergalle
 10037 | Lair:1   | Killed Nergalle
 10354 | Lair:1   | Reached XP level 12. HP: 68/86 MP: 4/12
 10891 | Lair:2   | Found a hole to the Spider Nest.
 11298 | Lair:2   | Reached skill level 15 in Fighting
 12220 | Lair:3   | Found a staircase to the Swamp.
 12341 | Lair:3   | Found a snail-covered altar of Cheibriados.
 12603 | Lair:4   | Noticed a four-headed hydra
 12620 | Lair:4   | Killed a four-headed hydra
 12984 | Lair:4   | Reached skill level 1 in Slings
 12989 | Lair:4   | Reached ****** piety under Trog
 13367 | Lair:4   | Noticed a death yak
 13368 | Lair:4   | Noticed a death yak
 13384 | Lair:4   | Killed a death yak
 13384 | Lair:4   | Received a gift from Trog
 13384 | Lair:4   | Reached XP level 13. HP: 93/93 MP: 4/13
 13412 | Lair:4   | Got a dazzling broad axe {god gift}
 13621 | Lair:4   | Identified the +3 broad axe of Paytseg {drain, -Tele rElec rN+ SInv} (Trog gifted it to you on level 4 of the Lair of Beasts)
 13668 | Lair:4   | Reached skill level 16 in Fighting
 13823 | Lair:4   | Reached skill level 5 in Armour
 14838 | Lair:4   | Reached skill level 5 in Slings
 15608 | Lair:5   | Gained mutation: Your large and strong wings let you fly indefinitely. [Gargoyle growth]
 15608 | Lair:5   | Reached XP level 14. HP: 100/100 MP: 4/14
 15609 | Lair:5   | Received a gift from Trog
 15635 | Lair:5   | Reached skill level 17 in Fighting
 15822 | Lair:6   | Entered Level 6 of the Lair of Beasts
 15822 | Lair:6   | Found a staircase to the Slime Pits.
 16525 | Lair:6   | Got a twisted plate armour
 16536 | Lair:6   | Identified the +6 plate armour of the Blue Moon {rElec rPois Int+3} (You found it on level 6 of the Lair of Beasts)
 16749 | Lair:6   | Found an iron altar of Okawaru.
 17468 | D:10     | Received a gift from Trog
 19085 | D:11     | Gained mutation: Your body sometimes deteriorates upon taking damage. [a neqoxec]
 19190 | D:11     | Reached skill level 10 in Armour
 20059 | D:11     | Identified a scroll of acquirement
 20060 | D:11     | Got a black opal-encrusted crystal plate armour
 20071 | D:11     | Identified the +0 crystal plate armour of the Journeyman {rCorr} (You acquired it on level 11 of the Dungeon)
 20514 | D:12     | Found a staircase to the Orcish Mines.
 20573 | D:12     | Found a roughly hewn altar of Beogh.
 20723 | D:12     | Reached XP level 15. HP: 107/108 MP: 5/15
 20807 | D:12     | Received a gift from Trog
 20976 | D:12     | Reached skill level 18 in Fighting
 21177 | Orc:1    | Entered Level 1 of the Orcish Mines
 21491 | Orc:1    | Found a roughly hewn altar of Beogh.
 21575 | Orc:2    | Entered Level 2 of the Orcish Mines
 21682 | Orc:2    | Noticed an orc warlord
 21828 | Orc:1    | Killed an orc warlord
 22011 | Orc:2    | Found a staircase to the Elven Halls.
 22691 | Orc:2    | Received a gift from Trog
 22721 | Orc:2    | Found Nihara's Weapon Boutique.
 22721 | Orc:2    | Found Ympoef's Jewellery Shoppe.
 22918 | Orc:2    | Found Ryitofe's Book Boutique.
 22918 | Orc:2    | Found Haotuahe's Armour Shoppe.
 23224 | Orc:2    | Found a roughly hewn altar of Beogh.
 23787 | D:13     | Found a gate to the Vaults.
 24274 | D:14     | Received a gift from Trog
 24397 | D:14     | Reached skill level 10 in Slings
 24753 | D:14     | Received a gift from Trog
 24942 | D:15     | Entered Level 15 of the Dungeon
 24942 | D:15     | Noticed a ghoul
 24964 | D:15     | Killed a ghoul
 25074 | D:15     | Found Eloleniu's Magic Scroll Shoppe.
 25080 | D:15     | Bought a scroll of teleportation for 60 gold pieces
 25080 | D:15     | Bought a scroll of identify for 40 gold pieces
 25080 | D:15     | Bought a scroll of identify for 40 gold pieces
 25080 | D:15     | Bought a scroll of enchant weapon for 150 gold pieces
 25080 | D:15     | Bought a scroll of torment for 150 gold pieces
 25080 | D:15     | Bought a scroll of teleportation for 60 gold pieces
 25288 | D:15     | Reached XP level 16. HP: 116/116 MP: 16/16
 25356 | D:15     | Reached skill level 19 in Fighting
 25359 | D:15     | Found an ancient bone altar of Kikubaaqudgha.
 25509 | D:15     | Found Firarrixy's Weapon Emporium.
 25516 | D:15     | Found Gaxtig's Food Shoppe.
 25541 | D:15     | Found Tadaziemm's Food Shop.
 25772 | D:15     | Found a staircase to the Depths.
 25883 | D:15     | Found a sparkling altar of Nemelex Xobeh.
 26027 | D:15     | Got a fine scimitar
 26108 | D:15     | Identified the +4 scimitar "Cuashoc" {slice, +Rage rPois rF- Int+6} (You found it on level 15 of the Dungeon)
 26320 | D:15     | Received a gift from Trog
 26390 | D:15     | Found Vopi's Distillery.
 26394 | D:15     | Bought a potion of heal wounds for 100 gold pieces
 26394 | D:15     | Bought a potion of curing for 60 gold pieces
 26667 | Swamp:1  | Entered Level 1 of the Swamp
 28126 | Swamp:2  | Noticed a thorn hunter
 28136 | Swamp:2  | Killed a thorn hunter
 28795 | Swamp:3  | Received a gift from Trog
 29706 | Swamp:4  | Entered Level 4 of the Swamp
 29706 | Swamp:4  | Noticed a thorn hunter
 29716 | Swamp:4  | Killed a thorn hunter
 29957 | Swamp:4  | Received a gift from Trog
 30212 | Swamp:4  | Noticed Mara
 30218 | Swamp:4  | Noticed nono31's illusion
 30239 | Swamp:4  | Reached XP level 17. HP: 124/124 MP: 4/17
 30243 | Swamp:4  | Noticed the 27-headed Lernaean hydra
 30257 | Swamp:4  | Noticed nono31's illusion
 30570 | Swamp:4  | Reached skill level 20 in Fighting
 30668 | Swamp:4  | Killed the 27-headed Lernaean hydra
 30688 | Swamp:4  | Noticed nono31's illusion
 30960 | Swamp:4  | Killed Mara
 31062 | Swamp:4  | Noticed Louise
 31110 | Swamp:4  | Killed Louise
 31334 | Swamp:4  | Got a decaying rune of Zot
 31751 | Vaults:1 | Entered Level 1 of the Vaults
 32388 | Vaults:1 | Noticed Nikola
 32407 | Vaults:1 | Killed Nikola
 32407 | Vaults:1 | Reached skill level 15 in Armour
 32491 | Vaults:1 | Received a gift from Trog
 32526 | Vaults:1 | Reached XP level 18. HP: 61/131 MP: 6/18
 33248 | Vaults:1 | Received a gift from Trog
 33248 | Vaults:1 | Reached skill level 21 in Fighting
 33722 | Vaults:2 | Received a gift from Trog
 34264 | Vaults:2 | Received a gift from Trog
 34386 | Vaults:2 | Found a staircase to the Crypt.
 34386 | Vaults:2 | Found an ancient bone altar of Kikubaaqudgha.
 34387 | Vaults:2 | Found a basalt altar of Yredelemnul.
 34541 | Vaults:2 | Noticed Mennas
 34591 | Vaults:2 | Killed Mennas
 34591 | Vaults:2 | Hit by a large rock thrown by a stone giant

Skill      XL: |  1  2  3  4  5  6  7  8  9 10 11 12 13 14 15 16 17 18 |
---------------+-------------------------------------------------------+-----
Fighting       | 4 5 6 7 9 11 12 14 15 16 17 18 19 20 21 | 21.4
Maces & Flails | 4 5 7 8 10 11 13 14 | 14.5
Slings         | 2 5 8 10 11 13 14 | 14.0
Armour         | 3 7 10 12 13 15 16 | 16.2
Dodging        | |  1.5

Action                   |  1- 3 |  4- 6 |  7- 9 | 10-12 | 13-15 | 16-18 || total
-------------------------+-------+-------+-------+-------+-------+-------++-------
Melee: Mace              |    96 |   149 |    40 |       |       |       ||   285
       Flail             |       |       |   107 |   594 |   438 |       ||  1139
       Great mace        |       |       |       |       |   536 |   756 ||  1292
       Fustibalus        |       |       |       |       |       |     2 ||     2
 Fire: Hunting sling     |    47 |    92 |   334 |   553 |  1053 |   112 ||  2191
       Fustibalus        |       |       |       |       |       |   578 ||   578
Throw: Stone             |     1 |       |       |       |       |       ||     1
Invok: Berserk           |       |     1 |     8 |    14 |    17 |     5 ||    45
       Trog's Hand       |       |     1 |     1 |       |     3 |     6 ||    11
       Burn Spellbooks   |       |       |       |     1 |     4 |     2 ||     7
       Brothers in Arms  |       |       |       |       |     4 |     5 ||     9
 Abil: Fly               |       |       |       |       |       |     1 ||     1
  Use: Scroll            |     1 |     4 |     7 |    18 |     7 |     6 ||    43
       Potion            |       |       |       |       |     1 |     4 ||     5
 Stab: Petrified         |       |       |       |       |     4 |       ||     4
       Distracted        |       |       |       |       |     1 |       ||     1
       Petrifying        |       |       |       |       |     1 |       ||     1
       Confused          |       |       |       |       |       |     1 ||     1
  Eat: Chunk             |     3 |     7 |    27 |    24 |    41 |    18 ||   120
       Fruit             |       |       |       |     1 |     3 |     1 ||     5
       Meat ration       |       |       |       |       |     1 |     4 ||     5
       Bread ration      |       |       |       |       |     2 |       ||     2
       Royal jelly       |       |       |       |       |     1 |       ||     1
Armor: Ring mail         |    68 |    24 |       |       |       |       ||    92
       Animal skin       |     1 |       |       |       |       |       ||     1
       Chain mail        |       |    97 |   228 |  1017 |   522 |       ||  1864
       Plate armour      |       |       |       |       |   712 |  1620 ||  2332
Dodge: Dodged            |    78 |    92 |   131 |   506 |   548 |   584 ||  1939
